AoeStats
← нежность

QS Arena

503127013Analyzed
4v4 RM · 2mo ago on Aug 30, 2026· 38m 50s· 8 players
Game mode
Random Map
Map size
Large (8 player)
Population
200
Speed
Normal
Resources
Standard
Victory
Conquest
Starting age
Dark Age
Ending age
Imperial Age
RankedLock teamsTeams togetherTeam positionsShared explorationLock speedFull tech treeHidden civsTurbo modeCheats
Victory
Defeat
🇨🇳 Inca · China
1195
+17
🇭🇰 Cumans · Hong Kong SAR China
1184
+18
🇨🇳 Japanese · China
1179
+18
🇨🇳 Poles · China
1154
+19
vs
🇨🇳 Spanish · China
1262
-20
🇯🇵 Britons · Japan
1236
-19
🇺🇸 Gurjaras · United States
1216
-18
🇩🇪 Wu · Germany
1182
-16
Onager try again
6:07 Loom
8:37 Feudal Age
15:41 Castle Age
15:07 Horse Collar
15:14 Double-Bit Axe
24:35 Imperial Age
23:18 Bow Saw
24:04 Wheelbarrow
23:43 Heavy Plow
26:20 Chemistry
29:34 Scale Barding Armor
29:30 Padded Archer Armor
31:14 Bloodlines
32:37 Heavy Camel Rider
Olli
7:05 Loom
9:18 Feudal Age
10:47 Double-Bit Axe
13:51 Castle Age
11:49 Stone Mining
12:33 Horse Collar
14:43 Bow Saw
14:35 Heavy Plow
16:26 Fletching
18:00 Gold Mining
18:48 Bodkin Arrow
28:04 Gold Shaft Mining
27:32 Red Cliffs Tactics
34:00 Imperial Age
32:43 Padded Archer Armor
34:48 Bracer
35:04 Leather Archer Armor
34:19 Elite Fire Archer
35:21 Conscription
34:41 Pikeman
35:31 Scale Mail Armor
sada-aki
3:38 Loom
8:44 Feudal Age
10:29 Double-Bit Axe
13:15 Castle Age
11:27 Horse Collar
14:09 Bow Saw
22:34 Gold Mining
22:48 Fletching
23:38 Bodkin Arrow
23:43 Padded Archer Armor
23:26 Treadmill Crane
24:15 Crossbowman
26:56 Ballistics
27:46 Fortified Wall
29:55 Wheelbarrow
32:32 Imperial Age
30:45 Coinage
31:46 Gold Shaft Mining
31:02 Stone Mining
31:59 Yeomen
32:38 Arbalester
33:21 Bracer
33:37 Leather Archer Armor
34:26 Chemistry
33:32 Siege Engineers
35:40 Ring Archer Armor
нежность
8:51 Feudal Age
7:27 Loom
13:08 Castle Age
21:40 Double-Bit Axe
22:09 Horse Collar
36:46 Imperial Age
35:01 Wheelbarrow
34:53 Scale Mail Armor
34:40 Pikeman
36:47 Chain Mail Armor
36:43 Forging
36:54 Halberdier
39:03 Iron Casting
ocheda
7:58 Feudal Age
8:51 Double-Bit Axe
9:05 Horse Collar
17:49 Castle Age
16:34 Wheelbarrow
15:46 Loom
19:03 Scale Barding Armor
20:22 Bloodlines
20:31 Forging
21:11 Capped Ram
24:41 Bow Saw
28:08 Chain Barding Armor
31:36 Imperial Age
30:05 Hand Cart
33:13 Plate Barding Armor
32:14 Cavalier
34:24 Iron Casting
34:00 Gold Mining
36:39 Paladin
咸鱼死灵
5:26 Loom
8:47 Feudal Age
9:39 Horse Collar
14:29 Castle Age
13:06 Double-Bit Axe
14:23 Scale Barding Armor
15:51 Wheelbarrow
15:58 Heavy Plow
16:09 Light Cavalry
18:58 Bow Saw
19:05 Hand Cart
21:15 Szlachta Privileges
21:46 Forging
22:13 Stone Mining
22:16 Gold Mining
23:33 Bloodlines
23:55 Husbandry
26:24 Chain Barding Armor
28:31 Iron Casting
31:14 Imperial Age
30:57 Fletching
31:54 Stone Shaft Mining
31:26 Cavalier
32:39 Conscription
33:23 Blast Furnace
37:36 Crop Rotation
西行寺紫
3:44 Loom
6:07 Feudal Age
8:37 Fletching
12:02 Double-Bit Axe
12:00 Horse Collar
16:02 Wheelbarrow
20:40 Castle Age
19:33 Stone Mining
19:34 Gold Mining
20:25 Padded Archer Armor
22:42 Bow Saw
24:08 Heavy Plow
29:36 Imperial Age
27:57 Bodkin Arrow
28:01 Elite Skirmisher
28:46 Thumb Ring
30:19 Hand Cart
29:57 Crossbowman
31:15 Bracer
32:10 Champi Runner
32:52 Squires
32:38 Arson
32:57 Scale Mail Armor
33:07 Forging
33:52 Chain Mail Armor
35:17 Conscription
35:24 Ballistics
36:05 Chemistry
35:51 Leather Archer Armor
36:07 Plate Mail Armor
36:13 Iron Casting
35:32 Champi Warrior
36:47 Elite Champi Warrior
37:38 Siege Engineers
38:07 Ring Archer Armor
39:27 Fabric Shields
围家建筑工
8:39 Feudal Age
13:16 Castle Age
11:42 Double-Bit Axe
12:11 Horse Collar
13:09 Stone Mining
18:51 Loom
23:39 Gold Mining
27:57 Imperial Age
26:42 Wheelbarrow
27:09 Heavy Plow
27:15 Scale Mail Armor
28:31 Capped Ram
31:43 Kataparuto
32:27 Bow Saw
32:37 Scale Mail Armor
32:43 Scale Barding Armor
32:38 Padded Archer Armor
32:29 Fletching
32:49 Forging
32:21 Elite Samurai
34:11 Conscription
34:28 Chain Mail Armor
34:33 Chain Barding Armor
35:25 Chain Mail Armor
35:31 Chain Barding Armor
35:26 Leather Archer Armor
35:02 Fletching
35:22 Forging
36:38 Plate Mail Armor
38:33 Chain Barding Armor
38:29 Leather Archer Armor
38:05 Fletching
38:25 Forging
39:45 Leather Archer Armor
Connection lost

Rejoining the realm…

Still unreachable

The connection could not be restored.

Session expired

The server has moved on; the page needs a fresh start.